 Dungeon Crawl Stone Soup version 0.30-a0-709-gcdc1b43e22 (webtiles) character file.

Game seed: 7339685661650450815

2 M4edhros the Charlatan (level 1, -3/13 HPs)
             Began as an Octopode Artificer on Jan 22, 2023.
             Slain by a kobold
             ... wielding a +0 short sword
              (5 damage)
             ... on level 1 of the Dungeon.
             The game lasted 00:00:12 (31 turns).

M4edhros the Charlatan (Octopode Artificer)           Turns: 31, Time: 00:00:12

Health: -3/13      AC:  1    Str: 11    XL:     1   Next: 40%
Magic:  1/1        EV: 13    Int: 13    God:
Gold:   0          SH:  0    Dex: 12    Spells: 0/0 levels left

rFire   . . .      SeeInvis .    (no weapon)
rCold   . . .      Faith    .    (no shield)
rNeg    . . .      Spirit   .    (helmet restricted)
rPois   .          Reflect  .    (no amulet)
rElec   .          Harm     .    (no ring)
rCorr   .          Rampage  .    (no ring)
Will    .....                    (no ring)
Stlth   +++                      (no ring)
HPRegen 0.22/turn                (no ring)
MPRegen 0.07/turn                (no ring)
                                 (no ring)
                                 (no ring)

@: no status effects
A: almost no armour, amphibious, 8 rings, camouflage 1, gelatinous body 1,
(nimble swimmer 1), tentacles
a: no special abilities


You were on level 1 of the Dungeon.
You visited 1 branch of the dungeon, and saw 1 of its levels.

Inventory:

Wands
 b - a wand of flame (15) (quivered)
 c - a wand of charming (14)
 d - a wand of iceblast (5)


   Skills:
 - Level 1.0 Fighting
 - Level 2.3 Dodging
 - Level 1.3 Stealth
 + Level 0.8 Unarmed Combat
 - Level 3.2 Evocations


You couldn't memorise any spells.
You didn't know any spells.
Your spell library was empty.

Dungeon Overview and Level Annotations

Branches:
Dungeon (1/15)

Altars:


Innate Abilities, Weirdness & Mutations

You cannot wear most types of armour.
You are amphibious.
You can wear up to eight rings at the same time.
Your skin changes colour to match your surroundings (Stealth+).
Your rubbery body absorbs attacks. (AC +1, EV +1)
((You are camouflaged when in or above water. (Stealth+)))
You have tentacles for arms and can constrict up to eight enemies at once.


Message History

The jackal bites you but does no damage.
You barely miss the jackal. Your grab misses the jackal.
Your squeeze misses the jackal. The jackal barely misses you.
The jackal misses you.
A kobold comes into view. It is wielding a +0 short sword.
You tentacle-slap the jackal but do no damage.
Your grab misses the jackal. The jackal completely misses you.
You closely miss the jackal. You grab the jackal. You constrict the jackal.
The kobold hits you with a +0 short sword.
The jackal bites you.
You tentacle-slap the jackal but do no damage.
The jackal is lightly wounded.
You constrict the jackal. The jackal bites you.
The kobold hits you with a +0 short sword.
The jackal barely misses you.
You are too injured to fight recklessly!
You tentacle-slap the jackal but do no damage.
The jackal is heavily wounded.
You constrict the jackal. The kobold barely misses you. The jackal bites you.
You are too injured to fight recklessly!
You tentacle-slap the kobold but do no damage.
Your grab misses the kobold. You constrict the jackal.
The jackal closely misses you.
The kobold hits you with a +0 short sword.
* * * LOW HITPOINT WARNING * * *
The jackal barely misses you.
You barely miss the kobold. Your grab misses the kobold.
You constrict the jackal.
You kill the jackal!
The kobold hits you with a +0 short sword.
* * * LOW HITPOINT WARNING * * *
You aren't wearing anything.
Aiming: Charm
Press: ? - help, Shift-Dir - straight line, f - kobold
Aim: a kobold, wielding a +0 short sword (chance to affect: 73%)
The jackal is charmed.
The kobold misses you.
You closely miss the kobold. Your grab misses the kobold.
Your tentacle-slap misses the kobold.
The jackal closely misses your jackal.
The kobold hits you with a +0 short sword.
You die...

....###.##....
.).#..........
..#..........
#######............
.....#...#........
.#................
.......#.#......(.
##.......K..#
##...#..#@#..#
##.......#h# ... #
##.....#..#h# . .#
##.....##..#.#
..###.....##...#.#
...#.....##.#.....
........## ##.....
..8.>..## #.....
#.....## #.#...


You could see a jackal, a kobold (ally target) and a friendly jackal (charmed).

Vanquished Creatures
  An endoplasm (D:1)
  A jackal (D:1)
2 creatures vanquished.

Notes
Turn   | Place    | Note
-------+----------+-------------------------------------------
     0 | D:1      | M4edhros the Octopode Artificer began the quest for the
                  | Orb.
     0 | D:1      | Reached XP level 1. HP: 13/13 MP: 1/1
    31 | D:1      | Slain by a kobold

Illustrated notes

Levels and vault maps discovered:
D:1:      psy_arrival_spokes, layout_basic, serial_shops, nicolae_shop_crystal,
          serial_curves, eino_curves_02, eino_curves_04, corexii_corridor_pit

Action                     || total
---------------------------++-------
  Melee: Unarmed           ||    13
         Tentacles         ||     2
         Constrict         ||     1
  Evoke: Wand              ||     1
 Armour: Skin              ||     2
  Dodge: Dodged            ||    11

Table legend: (Time is in decaauts)
 A = Elapsed time spent in this place.
 B = Non-inter-level travel time spent in this place.
 C = Inter-level travel time spent in this place.
 D = Time resting spent in this place.
 E = Time spent auto-exploring this place.
 F = Levels seen in this place.
 G = Mean time per level.
                   A        B        C        D        E       F      G
               +--------+--------+--------+--------+--------+-----+--------+
         Total |     30 |     30 |      0 |      0 |      8 |   1 |   30.0 |
       Dungeon |     30 |     30 |      0 |      0 |      8 |   1 |   30.0 |
               +--------+--------+--------+--------+--------+-----+--------+

Top non-repeatable levels by time:
     D:1: 30 daAuts
